 Dungeon Crawl Stone Soup version 0.30.1-10-g1249ef9ec4 (webtiles) character file.

Game seed: 3550854245930615429

452 Wiggles the Chopper (level 6, -4/56 HPs)
             Began as a Minotaur Berserker on Oct 26, 2023.
             Was a Priest of Trog.
             Slain by a gnoll sergeant
             ... wielding a +0 spear
              (7 damage)
             ... on level 4 of the Dungeon.
             The game lasted 00:06:30 (2989 turns).

Wiggles the Chopper (Minotaur Berserker)            Turns: 2989, Time: 00:06:31

Health: -4/56      AC: 12    Str: 24    XL:     6   Next: 75%
Magic:  0/5        EV:  9    Int:  4    God:    Trog [***...]
Gold:   316        SH:  3    Dex:  9    Spells: 5/5 levels left

rFire   . . .        s - +0 war axe
rCold   . . .        m - +0 buckler
rNeg    . . .        o - +0 chain mail
rPois   .            (helmet restricted)
rElec   .            (no cloak)
rCorr   .            (no gloves)
SInv    .            f - +2 pair of boots {Stlth+}
Will    .....        k - amulet of guardian spirit Stlth
                     (no ring)
HPRegen 0.29/turn    (no ring)
MPRegen 0.09/turn

%: guardian spirit
@: on berserk cooldown, slowed, very slow
A: horns 2, retaliatory headbutt
a: Renounce Religion, Berserk, Trog's Hand


You were on level 4 of the Dungeon.
You worshipped Trog.
Trog was most pleased with you.
You visited 1 branch of the dungeon, and saw 4 of its levels.

You collected 316 gold pieces.

Inventory:

Hand Weapons
 s - a +0 war axe (weapon)
Armour
 f - a +2 pair of boots of stealth (worn)
 m - a +0 buckler (worn)
 o - a +0 chain mail (worn)
Jewellery
 a - an amulet of faith
 k - an amulet of guardian spirit (around neck)
Wands
 n - a wand of polymorph (7)
Scrolls
 b - a scroll of immolation {unknown}
 d - a scroll of noise {unknown}
 e - 2 scrolls of amnesia {unknown}
 h - 2 scrolls of teleportation {unknown}
 i - 6 scrolls of identify {unknown}
 l - a scroll of magic mapping {unknown}
 q - 2 scrolls of enchant armour {unknown}
 r - a scroll of fog {unknown}
 t - a scroll of acquirement {unknown}
 v - a scroll of poison {unknown}
Potions
 c - 2 potions of lignification {unknown}
 g - a potion of might {unknown}
 j - a potion of curing {unknown}
 p - a potion of flight {unknown}
 u - a potion of cancellation {unknown}
 w - a potion of heal wounds {unknown}


   Skills:
 + Level 5.2 Fighting
 + Level 6.8 Axes
 + Level 4.6 Armour
 + Level 3.1 Dodging
 + Level 0.5 Stealth
 + Level 0.4 Shields


You had 5 spell levels left.
You didn't know any spells.
Your spell library was empty.

Dungeon Overview and Level Annotations

Branches:
Dungeon (4/15)
 Temple: D:4-7

Altars:
Fedhas
Makhleb
Uskayaw

Shops:
D:4 *


Innate Abilities, Weirdness & Mutations

You have a pair of horns on your head.
You reflexively headbutt those who attack you in melee.


Message History

You slash the gnoll!
The gnoll is almost dead.
You block the gnoll sergeant's attack. The gnoll barely misses you.
You closely miss the gnoll.
The gnoll is almost dead.
The gnoll sergeant hits you from afar with a +0 spear.
The gnoll hits you with a +0 flail.
* * * LOW HITPOINT WARNING * * *
You barely miss the gnoll. Your headbutt misses the gnoll.
The gnoll is almost dead.
The gnoll sergeant hits you but does no damage.
The gnoll closely misses you. You furiously retaliate!
You headbutt the gnoll!!
You kill the gnoll!
Trog accepts your kill.
You slash the gnoll! Your headbutt misses the gnoll.
The gnoll is severely wounded.
The gnoll sergeant hits you from afar with a +0 spear.
* * * LOW HITPOINT WARNING * * *
The gnoll hits you but does no damage.
You slice the gnoll!!
You kill the gnoll!
Trog accepts your kill.
You are no longer berserk.
You are exhausted.
You feel yourself slow down.
The gnoll sergeant hits you but does no damage.
There is an open door, spattered with blood here.
Items here: ))))) ††.
You hit the gnoll sergeant but do no damage.
Your headbutt misses the gnoll sergeant.
The gnoll sergeant hits you with a +0 spear.
* * * LOW HITPOINT WARNING * * *
The gnoll sergeant hits you with a +0 spear!
* * * LOW HITPOINT WARNING * * *
You slash the gnoll sergeant!
The gnoll sergeant is moderately wounded.
The gnoll sergeant hits you with a +0 spear.
* * * LOW HITPOINT WARNING * * *
The gnoll sergeant hits you with a +0 spear!
You die...

#.# #.###.# #.......# ####.####
##.#.## ##...##### ........#
#..## ##.....##
...#.##.####.#########.......##
.....##.......≈≈≈≈≈≈≈≈≈.......###
..............≈##≈≈≈##≈.....[.'..
...####..###.#≈#######≈.....).###
........)# #.#≈≈#...#≈≈.....)##
#.######.# #....@g.!#≈≈.....##
#.# #.# ###≈≈#...#≈≈#...## #.#
#.# #≈#######≈##'## #.#
#.#####≈##≈≈≈##≈##.# #.#
#......≈≈≈≈≈≈≈≈≈##.# #.#
#######.#...## ##.## #.# #...#.#
##.<.###### #.# #####.#
#.......... ..# #.# ##...######


You could see a gnoll sergeant.

Vanquished Creatures
  A phantom (D:4)
  A scorpion (D:4)
  A hound (D:3)
  An iguana (D:4)
  A hound zombie (D:4)
  6 adders
  9 gnolls
  A worm (D:4)
  A dart slug (D:2)
  5 orcs
  6 ball pythons
  8 endoplasms
  9 giant cockroaches
  9 goblins
  8 hobgoblins
  3 jackals (D:4)
  3 quokkas (D:2)
  4 bats
  5 frilled lizards
  12 kobolds
  A quokka skeleton (D:4)
  8 rats
103 creatures vanquished.

Notes
Turn   | Place    | Note
-------+----------+-------------------------------------------
     0 | D:1      | Wiggles the Minotaur Berserker began the quest for the Orb.
     0 | D:1      | Reached XP level 1. HP: 19/19 MP: 0/0
   228 | D:1      | Reached XP level 2. HP: 26/27 MP: 1/1
   250 | D:1      | Reached skill level 4 in Axes
   253 | D:1      | Found a faded altar of an unknown god.
   663 | D:2      | Reached ** piety under Trog
   782 | D:2      | Reached XP level 3. HP: 32/33 MP: 2/2
   833 | D:2      | You fall into a shaft and drop 2 floors!
   936 | D:4      | Found Kanemn's General Store.
   982 | D:4      | Found a hide-covered altar of Uskayaw.
  1014 | D:4      | Reached XP level 4. HP: 41/41 MP: 3/3
  1316 | D:2      | Reached skill level 5 in Axes
  1811 | D:3      | Reached XP level 5. HP: 44/47 MP: 4/4
  1936 | D:3      | Reached *** piety under Trog
  2137 | D:3      | Identified the +5 whip of the Scroll {freeze, Contam Str+3
                  | Dex+3}
  2258 | D:3      | Found a burning altar of Makhleb.
  2397 | D:3      | Found a blossoming altar of Fedhas.
  2704 | D:4      | Reached skill level 6 in Axes
  2704 | D:4      | Reached XP level 6. HP: 50/55 MP: 5/5
  2799 | D:4      | Reached skill level 5 in Fighting
  2989 | D:4      | Slain by a gnoll sergeant

Illustrated notes

Levels and vault maps discovered:
D:1:      scummos_arrival_simple_crosswalls, layout_basic,
          ebering_ecumenical_altar_ruins
D:2:      kennysheep_the_goblin_king, layout_basic, serial_aquarium,
          aquarium_bridge_straight [aquarium_subvault_bridge,
          aquarium_subvault_wall, aquarium_subvault_bridge,
          aquarium_subvault_window], aquarium_window_corridor_1,
          aquarium_window_fake, aquarium_window_1, aquarium_window_fake,
          aquarium_view_2d, aquarium_pool_side, item_on_display_a
D:3:      layout_loops_ring, bloody_makhleb, marbit_many_paths
D:4:      layout_loops_corners, mainiacjoe_overflow_alcove_4,
          gup_sewer_entry_glass, serial_undead, serial_undead_d,
          serial_undead_e, serial_undead_b, serial_undead_c, serial_shops,
          nicolae_shop_real_fake_doors, st_stairs_10, lightli_minifort

Skill      XL: |  1  2  3  4  5  6 |
---------------+-------------------+-----
Axes           | 4 5 6 |  6.8
Fighting       | 4 5 |  5.2
Armour         | 3 4 |  4.6
Dodging        | 3 |  3.1
Stealth        | |  0.5
Shields        | |  0.4

Action                     |  1- 3 |  4- 6 || total
---------------------------+-------+-------++-------
  Melee: Hand axe          |    72 |    50 ||   122
         Headbutt          |    10 |    16 ||    26
         Punch             |     1 |       ||     1
         War axe           |       |    90 ||    90
 Invoke: Berserk           |       |     2 ||     2
   Stab: Sleeping          |     2 |       ||     2
 Armour: Ring mail         |    32 |     6 ||    38
         Animal skin       |     1 |       ||     1
         Chain mail        |       |    78 ||    78
  Dodge: Dodged            |    44 |    70 ||   114
  Block: Buckler           |       |    15 ||    15
